 Dungeon Crawl Stone Soup version 0.28.0-47-ge53b351184 (webtiles) character file.

Game seed: 16927987976640788331

49 Gabide the Grave Robber (level 3, -1/26 HPs)
             Began as a Mummy Necromancer on May 7, 2022.
             Killed from afar by Ijyb (12 damage)
             ... with a puff of flame
             ... on level 3 of the Dungeon.
             The game lasted 00:03:59 (2702 turns).

Gabide the Grave Robber (Mummy Necromancer)         Turns: 2702, Time: 00:03:59

Health: -1/26      AC:  3    Str: 11    XL:     3   Next: 53%
Magic:  3/7        EV: 12    Int: 16    God:
Gold:   120        SH:  0    Dex: 12    Spells: 4/8 levels left

rFire   x . .      SeeInvis .   e - +0 quarterstaff
rCold   + . .      Faith    .   (shield currently unavailable)
rNeg    + + +      Spirit   .   a - +0 robe
rPois   ∞          Reflect  .   (no helmet)
rElec   .          Harm     .   (no cloak)
rCorr   +          Rampage  .   g - +0 pair of gloves
Will    .....                   (no boots)
Stlth   ++........              (no amulet)
HPRegen 0.08/turn               c - ring of resist corrosion
MPRegen 0.10/turn               (no ring)

@: very slightly contaminated
A: cold resistance 1, negative energy resistance 3, torment resistance 2, heat
vulnerability 1, no potions
a: no special abilities


You were on level 3 of the Dungeon.
You visited 1 branch of the dungeon, and saw 3 of its levels.

You collected 120 gold pieces.

Inventory:

Hand Weapons
 e - a +0 quarterstaff (weapon)
Armour
 a - a +0 robe (worn)
 g - a +0 pair of gloves (worn)
 h - an orb of mayhem
Jewellery
 c - a ring of resist corrosion (left hand)
Scrolls
 b - a scroll of noise {unknown}
 d - a scroll of torment {unknown}
 f - a scroll of teleportation {unknown}


   Skills:
 + Level 1.1 Fighting
 + Level 2.0 Dodging
 - Level 1.5 Stealth
 + Level 3.2 Spellcasting
 * Level 4.6 Necromancy


You had 4 spell levels left.
You knew the following spells:

 Your Spells              Type           Power      Damage    Failure   Level
a - Pain                  Necr           68%        1d7       2%          1
b - Vampiric Draining     Necr           17%        2d7       9%          3

Your spell library contained the following spells:

 Spells                   Type           Power      Damage    Failure   Level
 Animate Skeleton         Necr           34%        N/A       2%          1
 Animate Dead             Necr           8%         N/A       26%         4
 Agony                    Necr           17%        N/A       58%         5


Dungeon Overview and Level Annotations

Branches:
Dungeon (3/15)

Altars:

Shops:
D:1 :(   D:2 (

Annotations:
D:3 Ijyb


Innate Abilities, Weirdness & Mutations

You are immune to poison.
Your flesh is cold resistant. (rC+)
You are immune to negative energy. (rN+++)
You are immune to unholy pain and torment.
You are vulnerable to heat. (rF-)
You do not drink.


Message History

g - a +0 pair of gloves You start putting on your armour.
You continue putting on your +0 pair of gloves. x4
You finish putting on your +0 pair of gloves.
c - a ring of resist corrosion (left hand)
Found a stone staircase leading down.
Found 21 stones and a shiny orb.
You see here 18 sling bullets.
You see here 21 stones.
You see here an orb of mayhem.
h - an orb of mayhem You open the door.
Ijyb the Twisted Goblin comes into view.
She is wielding a +0 club and carrying a wand of flame (28).
Okay, then.
Unknown command.
Unknown command.
What are your orders? t - Shout!
Orders for allies: a - Attack new target. r - Retreat! s - Stop attacking. g - Guard the area. f - Follow me.
Anything else - Cancel.
You shout for attention!
You hear a shout!
You start waiting.
Ijyb is nearby!
You miscast Pain.
You are very lightly contaminated with residual magic.
Nothing appears to happen.
Ijyb barely misses you.
Ijyb writhes in agony!
Ijyb closely misses you.
Ijyb barely resists.
Ijyb zaps a wand.
The puff of flame hits you! The fire burns you terribly!
Ouch! That really hurt!
You are too injured to fight recklessly!
Aiming: Pain (safe; 2% risk of failure)
Press: ? - help, Q - select action Shift-Dir - straight line, f/p - Ijyb
Aim: Ijyb, wielding a +0 club, wearing a +0 leather armour and carrying a wand of flame (27) (moderately wounded, chance to affect: 81%) Ijyb writhes in agony.
Ijyb grins evilly.
Ijyb zaps a wand.
The puff of flame hits you! The fire burns you terribly!
You die...

#.# ###.# #.#.# ####
##############.#.#
....g............(.>#.#
......######.######(#.#
#.'......# #.#.#
########g# #.#.# #@#
#.#.# #.######.#.#
#.#......#.#
#.#......#.#
#.#......#.#
#........#.#
#.#....#.#.#
...####.#.#.# .#.#
#.#.#.#


You could see Ijyb.

Vanquished Creatures
  An adder (D:1)
  A dart slug (D:1)
  3 ball pythons
  7 endoplasms
  A giant cockroach (D:1)
  3 goblins
  3 hobgoblins (D:1)
  2 quokkas
  2 frilled lizards (D:1)
  4 kobolds
  11 rats
38 creatures vanquished.

Notes
Turn   | Place    | Note
-------+----------+-------------------------------------------
     0 | D:1      | Gabide the Mummy Necromancer began the quest for the Orb.
     0 | D:1      | Reached XP level 1. HP: 13/13 MP: 4/4
   389 | D:1      | Found Lijeq Feisi's Antique Weapon Shop.
   394 | D:1      | Reached XP level 2. HP: 20/20 MP: 1/5
   558 | D:1      | Found Fennippe's Book Shoppe.
  1446 | D:1      | Reached skill level 1 in Fighting
  1446 | D:1      | Reached XP level 3. HP: 11/26 MP: 0/7
  1626 | D:1      | Learned a level 3 spell: Vampiric Draining
  2334 | D:2      | Found Sodeodwi's Weapon Boutique.
  2682 | D:3      | Noticed Ijyb
  2702 | D:3      | Killed from afar by Ijyb

Illustrated notes

Levels and vault maps discovered:
D:1:      roderic_crossed_star, layout_loops_corners, serial_shops,
          nicolae_shop_statue_plus, nicolae_shop_statue_plus
D:2:      layout_basic, serial_shops, nicolae_lakefront_shop, minivault_14,
          minivault_26, minmay_rat_gold_closets
D:3:      layout_basic, nicolae_figureground_sparkle, uniq_ijyb, uniq_grinder

Skill      XL: |  1  2  3 |
---------------+----------+-----
Spellcasting   | 3 |  3.2
Fighting       | 1 |  1.1
Dodging        | 2 |  2.0
Stealth        | |  1.5
Necromancy     | |  4.6

Action                   || total
-------------------------++-------
Melee: Unarmed           ||     2
 Cast: Pain              ||    78
Armor: Robe              ||     2
Dodge: Dodged            ||    14
